 Dungeon Crawl Stone Soup version 0.29-a0-362-g5854e031c7 (webtiles) character file.

Game seed: 7987548684928250826

571 Morbidden the Covered (level 7, -1/53 HPs)
             Began as a Demonspawn Fighter on Apr 29, 2022.
             Slain by an orc priest
             ... wielding a +0 falchion
              (5 damage)
             ... on level 5 of the Dungeon.
             The game lasted 00:04:24 (4340 turns).

Morbidden the Covered (Demonspawn Fighter)          Turns: 4340, Time: 00:04:24

Health: -1/53      AC: 18    Str: 19    XL:     7   Next: 12%
Magic:  10/10      EV:  6    Int:  9    God:
Gold:   202        SH:  4    Dex: 12    Spells: 10/10 levels left

rFire   . . .      SeeInvis +   a - +0 war axe
rCold   . . .      Faith    .   c - +0 buckler
rNeg    . . .      Spirit   .   f - +0 plate armour
rPois   .          Reflect  .   l - +0 helmet
rElec   .          Harm     .   (no cloak)
rCorr   .          Rampage  .   n - +1 pair of gloves
Will    .....                   (no boots)
Stlth   ..........              (no amulet)
HPRegen 0.17/turn               u - ring of see invisible
MPRegen 0.24/turn               (no ring)

@: no status effects
A: slimy green scales 2, magic regeneration, demonic touch 2
a: no special abilities


You were on level 5 of the Dungeon.
You visited 2 branches of the dungeon, and saw 6 of its levels.

You collected 202 gold pieces.

Inventory:

Hand Weapons
 a - a +0 war axe (weapon)
 b - the +6 whip of Deformation {elec, *Noise Str+8 Dex-2}
   (You found it on level 2 of the Dungeon)

   It occasionally discharges a powerful burst of electricity upon striking a
   foe.
   Str:       It affects your strength (+8).
   Dex:       It affects your dexterity (-2).
   *Noise:    It may make noises in combat.
Armour
 c - a +0 buckler (worn)
 f - a +0 plate armour (worn)
 l - a +0 helmet (worn)
 n - a +1 pair of gloves (worn)
Jewellery
 u - a ring of see invisible (left hand)
Wands
 k - a wand of digging (7)
Scrolls
 e - 5 scrolls of blinking {unknown}
 g - 4 scrolls of noise {unknown}
 i - 2 scrolls of enchant armour {unknown}
 j - 2 scrolls of identify {unknown}
 p - 4 scrolls of teleportation {unknown}
 q - a scroll of torment {unknown}
 r - 2 scrolls of vulnerability {unknown}
 s - a scroll of enchant weapon {unknown}
 t - a scroll of fear {unknown}
 v - a scroll of magic mapping {unknown}
Potions
 d - a potion of might
 h - 2 potions of brilliance {unknown}
 m - 3 potions of lignification {unknown}
 o - 3 potions of curing {unknown}
 w - a potion of flight {unknown}


   Skills:
 * Level 3.8 Fighting
 * Level 3.3(4.0) Axes
 * Level 3.1(3.9) Maces & Flails
 + Level 4.0 Armour
 * Level 2.0 Dodging
 + Level 3.1 Shields
 * Level 2.0 Spellcasting


You had 10 spell levels left.
You didn't know any spells.
Your spell library contained the following spells:

 Spells                   Type           Power      Damage    Failure   Level
 Ensorcelled Hibernation  Hex/Ice        0%         N/A       100%        2
 Passwall                 Tmut/Erth      0%         N/A       100%        2
 Sublimation of Blood     Necr           0%         N/A       100%        2
 Wereblood                Tmut           0%         N/A       100%        2
 Swiftness                Air            0%         N/A       100%        3
 Summon Hydra             Summ           0%         N/A       100%        7


Dungeon Overview and Level Annotations

Branches:
Dungeon (5/15)             Temple (1/1) D:5

Altars:
Ashenzari
Cheibriados
Dithmenos
Elyvilon
Fedhas
Gozag
Kikubaaqudgha
Makhleb
Okawaru
Qazlal
Ru
Trog
Uskayaw
Vehumet
Wu Jian
Xom
Yredelemnul
Zin
The Shining One

Shops:
D:3 **??(


Innate Abilities, Weirdness & Mutations

You are mostly covered in slimy green scales. (AC +3)
You regenerate magic rapidly.
Your touch may inflict irresistible damage on your foes.


Message History

Unknown command.
You whack the orc wizard!
The orc wizard is severely wounded.
The shadow imp hits you but does no damage.
The orc priest completely misses you.
The orc wizard hits you but does no damage.
You hit the orc wizard.
You kill the orc wizard!
The orc priest hits you but does no damage.
The shadow imp hits you but does no damage.
You closely miss the orc priest.
The orc priest hits you but does no damage.
The orc hits you but does no damage. The shadow imp gestures at you.
Pain shoots through your body!
The +6 whip of Deformation {elec, *Noise Str+8 Dex-2} stops crackling.
a - a +0 war axe (weapon)
Unknown command.
Unknown command.
You slash the orc priest!
The orc priest is heavily wounded.
You hit the shadow imp but do no damage.
You barely miss the orc. The orc priest completely misses you.
The shadow imp barely misses you. You block the orc's attack.
Unknown command.
You closely miss the orc priest.
The orc priest is heavily wounded.
You closely miss the orc. You hit the shadow imp.
The orc priest calls down the wrath of Beogh upon you.
Beogh smites you! The orc hits you with a +0 hand axe.
The shadow imp barely misses you. The orc hits you but does no damage.
The shadow imp closely misses you.
The orc priest invokes the aid of Beogh against you.
Beogh smites you!
* * * LOW HITPOINT WARNING * * *
You hit the orc priest but do no damage.
The orc priest is heavily wounded.
You barely miss the shadow imp. You hit the orc.
The orc priest hits you with a +0 falchion.
You die...

..###########.# ##.##........
#.###########.#######............
#.......>................#.#.#.#.
#############....####............
#....# #....#.......
#....####............
#............#...>...
#######.####............
......o@# #....#....... ......5o#
#........†... .......o#
####.#.#.#.#. ........#
#......... ........# ####......
........# ##..... .........
#..... ........# #.#.## #...##


You could see an orc priest, an orc wizard, a shadow imp and an orc.

Vanquished Creatures
  A centaur (D:3)
  A necrophage (D:5)
  A scorpion (D:3)
  2 hounds (D:4)
  An orc priest (D:3)
  3 orc wizards
  Robin (D:2)
  7 adders
  2 white imps
  An ufetubus (D:5)
  2 dart slugs
  13 orcs
  6 ball pythons
  5 bats
  9 endoplasms
  4 giant cockroaches
  18 goblins
  8 hobgoblins
  5 quokkas
  2 frilled lizards
  9 kobolds
  10 rats
111 creatures vanquished.

Vanquished Creatures (others)
  A plant (D:3)
1 creature vanquished.

Grand Total: 112 creatures vanquished

Notes
Turn   | Place    | Note
-------+----------+-------------------------------------------
     0 | D:1      | Morbidden the Demonspawn Fighter began the quest for the
                  | Orb.
     0 | D:1      | Reached XP level 1. HP: 18/18 MP: 1/1
   314 | D:1      | Gained mutation: You are partially covered in slimy green
                  | scales. (AC +2) [demonic ancestry]
   314 | D:1      | Reached XP level 2. HP: 19/24 MP: 2/2
  1026 | D:2      | Gained mutation: You are mostly covered in slimy green
                  | scales. (AC +3) [demonic ancestry]
  1026 | D:2      | Reached XP level 3. HP: 29/29 MP: 3/3
  1068 | D:2      | Noticed Robin
  1077 | D:2      | Killed Robin
  1078 | D:2      | Reached skill level 1 in Spellcasting
  1252 | D:2      | Identified the +6 whip of Deformation {elec, *Noise Str+8
                  | Dex-2}
  1499 | D:2      | Reached XP level 4. HP: 35/35 MP: 5/5
  1588 | D:2      | Reached skill level 3 in Armour
  1608 | D:2      | Reached skill level 1 in Dodging
  1940 | D:3      | Found Cejafolif's General Store.
  1995 | D:3      | Found Ryoffum's Magic Scroll Emporium.
  2020 | D:3      | Reached skill level 1 in Maces & Flails
  2020 | D:3      | Gained mutation: Your touch may inflict minor irresistible
                  | damage on your foes. [demonic ancestry]
  2020 | D:3      | Reached XP level 5. HP: 27/41 MP: 5/7
  2371 | D:3      | Found Vuun's Assorted Antiques.
  2419 | D:3      | Gained mutation: You regenerate magic rapidly. [demonic
                  | ancestry]
  2419 | D:3      | Reached XP level 6. HP: 48/48 MP: 8/8
  2498 | D:3      | Found a faded altar of an unknown god.
  2501 | D:3      | Found Litwa's Magic Scroll Boutique.
  2977 | D:3      | Found Tuuxkuir's Antique Weapon Boutique.
  3408 | D:4      | Identified the +1 scimitar "Ekhlyq" {drain, rN+}
  3580 | D:4      | Found an ornate altar of the Wu Jian Council.
  3641 | D:4      | Found a burning altar of Makhleb.
  3645 | D:4      | Found a basalt altar of Yredelemnul.
  3646 | D:4      | Found a bloodstained altar of Trog.
  4011 | D:5      | Entered Level 5 of the Dungeon
  4020 | D:5      | Found a staircase to the Ecumenical Temple.
  4037 | D:5      | Gained mutation: Your touch may inflict irresistible damage
                  | on your foes. [demonic ancestry]
  4037 | D:5      | Reached XP level 7. HP: 49/53 MP: 8/10
  4062 | D:5      | Reached skill level 4 in Armour
  4067 | Temple   | Entered the Ecumenical Temple
  4340 | D:5      | Slain by an orc priest

Illustrated notes

Levels and vault maps discovered:
D:1:      dpeg_chamrin_arrival_tetris, layout_basic
D:2:      layout_loops_ring, minmay_octomino_e4, uniq_robin
D:3:      layout_basic, serial_forest, infiniplex_forest_lined_corner,
          infiniplex_forest_lined_2, infiniplex_forest_end_3,
          infiniplex_forest_clump_diagonal, infiniplex_forest_straight_4,
          infiniplex_forest_clump_medium, infiniplex_forest_clump_C,
          infiniplex_forest_lined_room_3, serial_shops, shop,
          nicolae_square_shop, shop, shop, shop,
          hellmonk_ecumenical_altar_run_dry
D:4:      nicolae_cairo_tiling, layout_cave_pools, minitemple, minivault_1,
          grunt_decor_clamped
D:5:      layout_basic, minmay_temple_entry_glass, hangedman_glass_teeth
Temple:   regret_index_temple_waves

Skill      XL: |  1  2  3  4  5  6  7 |
---------------+----------------------+-----
Axes           | 2 3 |  3.3
Spellcasting   | 1 2 |  2.0
Armour         | 3 4 |  4.0
Dodging        | 1 2 |  2.0
Shields        | 3 |  3.1
Maces & Flails | 1 3 |  3.1
Fighting       | |  3.8

Action                   |  1- 3 |  4- 6 |  7- 9 || total
-------------------------+-------+-------+-------++-------
Melee: War axe           |    95 |       |     3 ||    98
       Whip              |    20 |   140 |    13 ||   173
Armor: Plate armour      |    91 |    96 |    12 ||   199
Dodge: Dodged            |    26 |    51 |     8 ||    85
Block: Buckler           |    27 |    17 |     4 ||    48

Table legend: (Time is in decaauts)
 A = Elapsed time spent in this place.
 B = Non-inter-level travel time spent in this place.
 C = Inter-level travel time spent in this place.
 D = Time resting spent in this place.
 E = Time spent auto-exploring this place.
 F = Levels seen in this place.
 G = Mean time per level.
                   A        B        C        D        E       F      G
               +--------+--------+--------+--------+--------+-----+--------+
         Total |   4381 |   4225 |    156 |    119 |   3326 |   6 |  730.2 |
       Dungeon |   4255 |   4152 |    103 |    119 |   3268 |   5 |  851.0 |
        Temple |    125 |     72 |     53 |      0 |     58 |   1 |  125.0 |
               +--------+--------+--------+--------+--------+-----+--------+

Top non-repeatable levels by time:
     D:3: 1384 daAuts
     D:1: 1011 daAuts
     D:2: 898 daAuts
     D:4: 759 daAuts
     D:5: 202 daAuts
  Temple: 125 daAuts
